 Dungeon Crawl Stone Soup version 0.27.1-34-g3ba077fa99 (webtiles) character file.

Game seed: 14137188412341175169

63 Glamhuggeren the Slasher (level 3, -2/27 HPs)
             Began as a Demonspawn Gladiator on Jan 23, 2022.
             Slain by a goblin (3 damage)
             ... led by Robin
             ... on level 2 of the Dungeon.
             The game lasted 00:05:22 (1643 turns).

Glamhuggeren the Slasher (Demonspawn Gladiator)     Turns: 1643, Time: 00:05:23

Health: -2/27      AC:  5    Str: 15    XL:     3   Next: 87%
Magic:  3/3        EV: 12    Int:  9    God:
Gold:   48         SH:  0    Dex: 14    Spells: 2/2 levels left

rFire    . . .     SeeInvis .   a - +0 long sword
rCold    . . .     Faith    .   (no shield)
rNeg     . . .     Spirit   .   b - +0 leather armour
rPois    .         Reflect  .   c - +0 helmet
rElec    .         Harm     .   i - +0 cloak
rCorr    .         Rampage  .   (no gloves)
Will     .....                  (no boots)
Stlth    +.........             (no amulet)
HPRegen  0.09/turn              e - ring of wizardry
MPRegen  0.08/turn              (no ring)

@: no status effects
A: claws 2
a: no special abilities


You were on level 2 of the Dungeon.
You visited 1 branch of the dungeon, and saw 2 of its levels.

You collected 48 gold pieces.

Inventory:

Hand Weapons
 a - a +0 long sword (weapon)
Missiles
 d - 3 throwing nets (quivered)
 h - 27 stones
Armour
 b - a +0 leather armour (worn)
 c - a +0 helmet (worn)
 i - a +0 cloak (worn)
Jewellery
 e - a ring of wizardry (left claw)
Scrolls
 f - a scroll of identify {unknown}
 g - a scroll of teleportation {unknown}
 k - a scroll of silence {unknown}


   Skills:
 - Level 2.0 Fighting
 * Level 4.4 Long Blades
 - Level 1.7 Throwing
 - Level 2.6 Dodging


You had 2 spell levels left.
You didn't know any spells.
Your spell library was empty.

Dungeon Overview and Level Annotations

Branches:
Dungeon (2/15)

Altars:

Annotations:
D:2 Robin


Innate Abilities, Weirdness & Mutations

You have very sharp fingernails.


Message History

Robin throws the goblin at you!
You barely miss the goblin.
The goblin no longer looks unusually strong.
The hobgoblin no longer looks unusually strong.
The hobgoblin hits you but does no damage.
The goblin hits you but does no damage. Robin throws the goblin at you!
The goblin hits you with a +0 club.
You closely miss the goblin. The hobgoblin closely misses you.
The goblin hits you but does no damage. The goblin closely misses you.
You riposte.
You closely miss the goblin.
Robin roars a battlecry!
The goblins go into a battle-frenzy!
The hobgoblin closely misses you. The goblin closely misses you.
You hit the goblin but do no damage. The goblin completely misses you.
The hobgoblin misses you. The goblin hits you but does no damage.
You hit the goblin but do no damage. The goblin hits you but does no damage.
The hobgoblin misses you. The goblin barely misses you.
You barely miss the goblin. The goblin barely misses you.
You riposte.
You closely miss the goblin. The hobgoblin misses you.
The goblin hits you but does no damage. The goblin hits you with a +0 club.
You barely miss the goblin.
The goblin no longer looks unusually strong.
The hobgoblin hits you. The goblin barely misses you.
The goblin completely misses you.
You hit the goblin.
The goblin is severely wounded.
The hobgoblin barely misses you. The goblin hits you with a +0 club.
* * * LOW HITPOINT WARNING * * *
The goblin hits you with a +0 club.
* * * LOW HITPOINT WARNING * * *
The goblin misses you. The hobgoblin hits you.
* * * LOW HITPOINT WARNING * * *
You completely miss the goblin.
The goblin is heavily wounded.
The goblin hits you with a +0 club.
* * * LOW HITPOINT WARNING * * *
The hobgoblin hits you.
* * * LOW HITPOINT WARNING * * *
The goblin hits you with a +0 club.
You die...

#......##.....#
#......##.....#
....##.####..≈≈≈. #### #.#
#..≈.... #..≈≈.# #.#
.≈≈≈..# ...≈≈.. #.# ....#
..g≈.≈. ##.#######..#
#####.g.≈≈.≈
#.......###g###... .gg≈≈..
#..#.......g@g#.# ...≈≈..
#..#.##.##.###gg###.≈g≈≈.≈
.>....##.#.##
##.....≈.≈≈.. .##..####..#
#.....≈≈≈≈.. # #..# #..#
#..........≈≈.. #... ....#
#...$......≈≈≈≈ #...#####.
#.##..#.#≈.≈≈$. # # #.
.#.......≈.. .
.##......≈≈..


You could see Robin, a hobgoblin (strong) and 3 goblins.

Vanquished Creatures
  An adder (D:2)
  2 dart slugs (D:1)
  3 ball pythons (D:1)
  5 endoplasms (D:1)
  2 giant cockroaches (D:1)
  9 goblins
  7 hobgoblins
  A jackal (D:1)
  3 quokkas (D:1)
  A bat (D:1)
  2 frilled lizards (D:1)
  5 kobolds (D:1)
  2 rats (D:1)
43 creatures vanquished.

Notes
Turn   | Place    | Note
-------+----------+-------------------------------------------
     0 | D:1      | Glamhuggeren the Demonspawn Gladiator began the quest for
                  | the Orb.
     0 | D:1      | Reached XP level 1. HP: 16/16 MP: 1/1
    39 | D:1      | You fall into a shaft and drop 1 floor!
   128 | D:1      | Reached skill level 3 in Long Blades
   183 | D:1      | Gained mutation: You have sharp fingernails. [demonic
                  | ancestry]
   183 | D:1      | Reached XP level 2. HP: 16/22 MP: 2/2
   769 | D:1      | Gained mutation: You have very sharp fingernails. [demonic
                  | ancestry]
   769 | D:1      | Reached XP level 3. HP: 25/27 MP: 3/3
   983 | D:1      | Reached skill level 4 in Long Blades
  1331 | D:2      | HP: 1/27 [poisoned by an adder]
  1617 | D:2      | Noticed Robin
  1643 | D:2      | HP: 1/27 [hobgoblin[Robin] (3)]
  1643 | D:2      | Slain by a goblin

Illustrated notes

Levels and vault maps discovered:
D:1:      dpeg_arrival_round_c, layout_loops_ring, hangedman_feature_mirror,
          minmay_3d_cube
D:2:      layout_loops_cross, serial_rivers, chequers_serial_rivers_micro_a,
          chequers_serial_rivers_small_3, chequers_serial_rivers_micro_c,
          chequers_serial_rivers_small_b, chequers_serial_rivers_small_b,
          basic_altar, serial_shops, shop, nicolae_shop_crystal, uniq_robin

Skill      XL: |  1  2  3 |
---------------+----------+-----
Long Blades    | 3 4 |  4.4
Fighting       | |  2.0
Throwing       | |  1.7
Dodging        | |  2.6

Action                   || total
-------------------------++-------
Melee: Long sword        ||   117
  Use: Potion            ||     1
Armor: Leather armour    ||    41
Dodge: Dodged            ||    92
       Rpst.: Long sword ||    34
